 Dungeon Crawl Stone Soup version 0.27-a0-1219-g958d993ae5 (webtiles) character file.

Game seed: 17846395195128434635

2552 polve the Destroyer (level 9, -5/62 (63) HPs)
             Began as a Demonspawn Abyssal Knight on June 6, 2021.
             Was a Priest of Lugonu.
             Engulfed by a steam dragon's steam (11 damage)
             ... on level 7 of the Dungeon.
             The game lasted 00:06:38 (7911 turns).

polve the Destroyer (Demonspawn Abyssal Knight)     Turns: 7911, Time: 00:06:38

HP:   -5/62 (63)    AC:  8    Str: 13    XL:     9   Next: 31%
MP:   12/16         EV: 11    Int: 16    God:    Lugonu [***...]
Gold: 399           SH:  0    Dex: 13    Spells: 7/8 levels left

rFire    . . .     SeeInvis .   q - +1 dagger (distort)
rCold    . . .     Faith    .   (no shield)
rNeg     . . .     Spirit   .   b - +0 leather armour
rPois    .         Reflect  .   h - +1 helmet
rElec    .         Harm     .   (no cloak)
rCorr    +         Rampage  .   (no gloves)
Will     .....                  (no boots)
Stlth    +.........             (no amulet)
HPRegen  0.20/turn              a - ring of resist corrosion
MPRegen  0.15/turn              (no ring)

@: lightly drained
A: hooves 1, spiny 1, sharp scales 3
a: Renounce Religion, Depart the Abyss, Bend Space, Banish


You were on level 7 of the Dungeon.
You worshipped Lugonu.
Lugonu was most pleased with you.
You visited 1 branch of the dungeon, and saw 7 of its levels.
You visited the Abyss 1 time.

You collected 399 gold pieces.

Inventory:

Hand Weapons
 q - a +1 dagger of distortion (weapon)
Missiles
 e - 7 boomerangs of dispersal
 D - a curare-tipped dart
Armour
 b - a +0 leather armour (worn)
 h - a +1 helmet (worn)
Jewellery
 a - a ring of resist corrosion (left hand)
Wands
 u - a wand of acid (4)
 w - a wand of flame (11)
Scrolls
 f - 2 scrolls of magic mapping {unknown}
 g - 3 scrolls of teleportation {unknown}
 k - 2 scrolls of enchant weapon {unknown}
 n - a scroll of acquirement {unknown}
 p - 6 scrolls of identify {unknown}
 s - 2 scrolls of noise {unknown}
 t - 2 scrolls of amnesia {unknown}
 v - a scroll of vulnerability {unknown}
 y - a scroll of immolation {unknown}
 B - a scroll of enchant armour {unknown}
Potions
 c - 3 potions of curing
 i - a potion of resistance
 j - a potion of lignification {unknown}
 l - a potion of cancellation {unknown}
 m - a potion of mutation {unknown}
 o - a potion of haste {unknown}
 r - a potion of invisibility {unknown}
 x - a potion of brilliance {unknown}
 z - a potion of degeneration {unknown}
 A - a potion of magic {unknown}
 C - a potion of flight {unknown}


   Skills:
 - Level 3.0 Fighting
 - Level 3.0 Short Blades
 - Level 1.7 Armour
 - Level 0.8 Dodging
 - Level 10.0 Conjurations
 + Level 9.7 Invocations


You had 7 spell levels left.
You knew the following spells:

 Your Spells              Type           Power      Damage    Failure   Level
a - Magic Dart            Conj           100%       1d8       1%          1

Your spell library contained the following spells:

 Spells                   Type           Power      Damage    Failure   Level
 Conjure Flame            Conj/Fire      16%        6-21      12%         3
 Mephitic Cloud           Conj/Pois/Air  10%        N/A       26%         3
 Beastly Appendage        Tmut           0%         N/A       32%         1
 Blink                    Tloc           N/A        N/A       43%         2
 Call Imp                 Summ           0%         N/A       43%         2
 Slow                     Hex            0%         N/A       43%         2
 Wereblood                Tmut           0%         N/A       43%         2
 Spider Form              Tmut/Pois      0%         N/A       67%         3
 Ice Form                 Ice/Tmut       0%         N/A       97%         4
 Hydra Form               Tmut           0%         N/A       100%        5


Dungeon Overview and Level Annotations

Branches:
Dungeon (7/15)             Temple (0/1) D:4

Altars:
Elyvilon
Uskayaw

Shops:
D:5 *

Annotations:
Abyss:1 Edmund, Pikel


Innate Abilities, Weirdness & Mutations

You have large cloven feet.
You are partially covered in sharp spines.
You are completely covered in razor-sharp scales. (AC +3, Slay +3)


Message History

The steam dragon claws you but does no damage.
You hit the steam dragon.
The steam dragon is moderately wounded.
The steam dragon blinks!
Casting: Magic Dart (safe; 1% risk of failure)
Confirm with . or Enter, or press ? or * to list all spells.
Aiming: Magic Dart (safe; 1% risk of failure)
Press: ? - help, Shift-Dir - straight line, f/p - steam dragon
Aim: a steam dragon (moderately wounded, catching its breath, 100% to hit)
The magic dart hits the steam dragon but does no damage.
The steam dragon is moderately wounded.
The steam dragon breathes steam at you. The ball of steam hits you!
* * * LOW HITPOINT WARNING * * *
You feel much better.
Casting: Magic Dart (safe; 1% risk of failure)
Confirm with . or Enter, or press ? or * to list all spells.
Aiming: Magic Dart (safe; 1% risk of failure)
Press: ? - help, Shift-Dir - straight line, f/p - steam dragon
Aim: a steam dragon (moderately wounded, catching its breath, 100% to hit)
The magic dart hits the steam dragon.
The steam dragon is heavily wounded.
You are engulfed in a cloud of scalding steam.
Casting: Magic Dart (safe; 1% risk of failure)
Confirm with . or Enter, or press ? or * to list all spells.
Aiming: Magic Dart (safe; 1% risk of failure)
Press: ? - help, Shift-Dir - straight line, f/p - steam dragon
Aim: a steam dragon (heavily wounded, catching its breath, 100% to hit)
Okay, then.
You hit the steam dragon.
Space bends around the steam dragon.
You kick the steam dragon.
The steam dragon is almost dead.
You barely miss the steam dragon. You kick the steam dragon.
The steam dragon is almost dead.
The steam dragon breathes steam at you. The ball of steam hits you!!
* * * LOW HITPOINT WARNING * * *
You feel better.
You are engulfed in a cloud of scalding steam.
You die...

##### ...... ......
...... .....§#######
......§.§..#
#..§@§..#
#...D...#######
#..§....##....#
#.......##.##.#
#.......##.##.#
.............'..##.#
###.##.......#####.#
# #.......# #.# #
#.......# #.# #


You could see a steam dragon (catching breath).

Vanquished Creatures
  A kobold demonologist (D:6)
  Sigmund (D:4)
  2 ogres (D:6)
  A lemure (D:4)
  A centaur (D:6)
  A kobold brigand (D:6)
  2 bullfrogs
  5 scorpions
  A water moccasin skeleton (D:5)
  3 wights (D:7)
  3 bullfrog zombies
  2 centaur zombies
  2 hounds
  A bullfrog skeleton (D:5)
  2 jellies
  2 orc wizards (D:5)
  A hound skeleton (D:5)
  5 gnolls (D:4)
  6 adders
  A howler monkey skeleton (D:5)
  A white imp (D:6)
  An ufetubus (D:6)
  An adder zombie (D:5)
  A worm (D:3)
  11 orcs
  11 bats
  4 endoplasms (D:4)
  6 giant cockroaches
  6 goblins
  4 hobgoblins
  19 jackals
  16 kobolds
  3 quokkas
  9 ball pythons
  2 frilled lizards (D:1)
  5 rats
143 creatures vanquished.

Vanquished Creatures (others)
  13 fungi (D:4)
  6 toadstools (D:6)
19 creatures vanquished.

Grand Total: 162 creatures vanquished

Notes
Turn   | Place    | Note
-------+----------+-------------------------------------------
     0 | Abyss:1  | polve the Demonspawn Abyssal Knight began the quest for the
                  | Orb.
     0 | Abyss:1  | Reached XP level 1. HP: 18/18 MP: 2/2
    80 | Abyss:1  | Noticed a bone dragon
   110 | D:1      | Escaped the Abyss
   157 | D:1      | Reached * piety under Lugonu
   160 | D:1      | Gained mutation: You are partially covered in razor-sharp
                  | scales. (AC +1, Slay +1) [demonic ancestry]
   160 | D:1      | Reached XP level 2. HP: 12/24 MP: 3/3
   654 | D:1      | Learned a level 1 spell: Magic Dart
   839 | D:1      | Reached XP level 3. HP: 27/29 MP: 4/4
   845 | D:1      | Reached skill level 1 in Conjurations
  1441 | D:2      | Reached skill level 2 in Conjurations
  1923 | D:3      | Reached ** piety under Lugonu
  2084 | D:3      | Gained mutation: You are mostly covered in razor-sharp
                  | scales. (AC +2, Slay +2) [demonic ancestry]
  2084 | D:3      | Reached XP level 4. HP: 35/35 MP: 5/5
  2294 | D:3      | Found a faded altar of an unknown god.
  2502 | D:3      | Found a hide-covered altar of Uskayaw.
  2756 | D:4      | Reached skill level 3 in Conjurations
  2849 | D:4      | Found a staircase to the Ecumenical Temple.
  2925 | D:4      | Reached XP level 5. HP: 33/41 MP: 6/6
  2930 | D:4      | Reached skill level 4 in Conjurations
  3136 | D:4      | Noticed a lemure
  3136 | D:4      | Noticed a lemure
  3136 | D:4      | Noticed a lemure
  3136 | D:4      | Noticed a lemure
  3137 | D:4      | Noticed Pikel
  3157 | D:4      | Killed a lemure
  3161 | D:4      | Banished Pikel
  3162 | D:4      | Reached skill level 7 in Conjurations
  3162 | D:4      | Reached XP level 6. HP: 23/47 MP: 3/7
  3162 | D:4      | Gained mutation: You have large cloven feet. [demonic
                  | ancestry]
  3162 | D:4      | Reached XP level 7. HP: 26/52 MP: 3/8
  3529 | D:4      | Reached *** piety under Lugonu
  3581 | D:4      | Reached skill level 8 in Conjurations
  3908 | D:4      | Gained mutation: You are partially covered in sharp spines.
                  | [demonic ancestry]
  3908 | D:4      | Reached XP level 8. HP: 58/58 MP: 5/9
  3930 | D:4      | Noticed Sigmund
  3956 | D:4      | Killed Sigmund
  3957 | D:4      | Reached skill level 9 in Conjurations
  5121 | D:5      | Entered Level 5 of the Dungeon
  5596 | D:5      | Reached skill level 10 in Conjurations
  5627 | D:5      | Found Firaneygg's General Store.
  6249 | D:6      | Reached skill level 5 in Invocations
  6313 | D:6      | Noticed Edmund
  6321 | D:6      | Banished Edmund
  6614 | D:6      | Noticed a kobold demonologist
  6655 | D:5      | Gained mutation: You are completely covered in razor-sharp
                  | scales. (AC +3, Slay +3) [demonic ancestry]
  6655 | D:5      | Reached XP level 9. HP: 58/63 MP: 11/14
  6682 | D:6      | Killed a kobold demonologist
  7905 | D:7      | HP: 1/62 [steam dragon/ball of steam (11)]
  7910 | D:7      | HP: 1/62 [steam dragon/ball of steam (19)]
  7911 | D:7      | Engulfed by a steam dragon's steam

Illustrated notes

Levels and vault maps discovered:
D:1:      heliophobic_arrival_battle_scene, layout_rooms
D:2:      layout_loops_ring
D:3:      layout_loops_ring, gammafunk_temple_overflow_pools,
          basic_ecumenical_altar, minmay_statues_item, minmay_hedge_maze
D:4:      old_forge, layout_basic, nicolae_overflow_hidden_temple,
          minmay_temple_entry_wispy, nzn_random_ring, uniq_pikel, uniq_sigmund
D:5:      layout_rooms, serial_shops, shop
D:6:      layout_layer_cave, minmay_gold_behind_fungi, uniq_edmund
D:7:      layout_basic, ebering_ghost_rock_garden, enter_bailey_2

Skill      XL: |  1  2  3  4  5  6  7  8  9 |
---------------+----------------------------+-----
Short Blades   | 2 3 |  3.0
Conjurations   | 2 3 7 8 10 | 10.0
Invocations    | 7 9 |  9.7
Fighting       | |  3.0
Armour         | |  1.7
Dodging        | |  0.8

Action                   |  1- 3 |  4- 6 |  7- 9 || total
-------------------------+-------+-------+-------++-------
Melee: Short sword       |   140 |       |       ||   140
       Dagger            |    16 |    73 |    80 ||   169
       Kick              |       |       |    22 ||    22
 Cast: Magic Dart        |       |     9 |   179 ||   188
Invok: Depart the Abyss  |     1 |       |       ||     1
       Bend Space        |       |     3 |       ||     3
  Use: Potion            |       |       |     5 ||     5
Armor: Leather armour    |    66 |    26 |    44 ||   136
Dodge: Dodged            |   112 |    32 |    60 ||   204

Table legend: (Time is in decaauts)
 A = Elapsed time spent in this place.
 B = Non-inter-level travel time spent in this place.
 C = Inter-level travel time spent in this place.
 D = Time resting spent in this place.
 E = Time spent auto-exploring this place.
 F = Levels seen in this place.
 G = Mean time per level.
                   A        B        C        D        E       F      G
               +--------+--------+--------+--------+--------+-----+--------+
         Total |   7879 |   7733 |    146 |      3 |   6798 |   8 |  984.9 |
       Dungeon |   7769 |   7623 |    146 |      3 |   6695 |   7 | 1109.9 |
         Abyss |    110 |    110 |      0 |      0 |    103 |   1 |  110.0 |
               +--------+--------+--------+--------+--------+-----+--------+

Top non-repeatable levels by time:
     D:4: 2391 daAuts
     D:6: 1396 daAuts
     D:5: 1122 daAuts
     D:3: 929 daAuts
     D:1: 907 daAuts
     D:2: 754 daAuts
     D:7: 269 daAuts
 Abyss:1: 110 daAuts
